 Dungeon Crawl Stone Soup version 0.17-a0-1927-g319369b (webtiles) character file.

79 DecibelRebel the Chopper (level 4, 0/40 HPs)
             Began as a Hill Orc Berserker on Sept 29, 2015.
             Was a Believer of Trog.
             Succumbed to a gnoll's poison
             ... on level 2 of the Dungeon.
             The game lasted 00:03:43 (1027 turns).

DecibelRebel the Chopper (Hill Orc Berserker)       Turns: 1027, Time: 00:03:43

Health: 0/40       AC:  5    Str: 20    XL:     4   Next: 38%
Magic:  4/4        EV: 11    Int:  7    God:    Trog [**....]
Gold:   32         SH:  0    Dex: 10    Spells: 0 memorised, 3 levels left

rFire  . . .     SeeInvis .     a - +0 hand axe
rCold  . . .     Clarity  .     n - +0 ring mail (curse)
rNeg   . . .     SustAt   .     (no shield)
rPois  .         Gourm    .     (no helmet)
rElec  .         Spirit   .     (no cloak)
rCorr  .         Warding  .     (no gloves)
rMut   .         Stasis   .     (no boots)
MR     .....                    (no amulet)
Stlth  +.........               (no ring)
                                j - ring of stealth

@: lethally poisoned (0 -> -1), exhausted, flying, slowed, very slow, not
resistant to hostile enchantments, very unstealthy
A: no striking features
a: Burn Spellbooks, Berserk, Trog's Hand, Renounce Religion


You were on level 2 of the Dungeon.
You worshipped Trog.
Trog was pleased with you.
You were hungry.

You visited 1 branch of the dungeon, and saw 2 of its levels.

You collected 32 gold pieces.

Inventory:

Hand weapons
 a - a +0 hand axe (weapon)
Armour
 b - a +0 animal skin
 f - a +0 leather armour
 n - a cursed +0 ring mail (worn)
Jewellery
 j - a ring of stealth (left hand)
Scrolls
 e - a scroll of identify {unknown}
 g - a scroll of random uselessness {unknown}
 i - a scroll of recharging {unknown}
 k - 2 scrolls of teleportation
 l - a scroll of noise {unknown}
Comestibles
 c - 2 bread rations


   Skills:
 - Level 4.0 Fighting
 * Level 6.4 Axes
 - Level 2.1 Armour
 - Level 1.5 Dodging


You had 3 spell levels left.
You didn't know any spells.

Dungeon Overview and Level Annotations

Branches:
Dungeon (2/15)

Altars:


Message History

Read which item? (? for menu, Esc to quit)
Okay, then.
Read which item? (? for menu, Esc to quit)
As you read the scroll labeled BEOVVI ILLIA, it crumbles to dust.
You feel strangely unstable.
It was a scroll of teleportation.
* * * LOW HITPOINT WARNING * * *
You feel sick.
Eat a chunk of flesh? (ye/n/q/i?) This raw flesh tastes terrible.
You are feeling hungry.
Your surroundings suddenly seem different.
You continue eating.
* * * LOW HITPOINT WARNING * * *
You feel sick.
You continue eating.
* * * LOW HITPOINT WARNING * * *
You feel sick.
* * * LOW HITPOINT WARNING * * *
You feel sick.
You die...

####.##.#...##.....#..###...
........#....#.#####.## ....
..........!....# #.# .....
.............### ##.# ......
.....$.#.....######..##$...
.......#...)...##.....#....
.......##).................
####......................>
#.........@.........P...
#......<........≈≈≈..###
#...............≈≈≈≈....
#..............≈≈≈≈≈≈###
#...............≈≈≈≈.#
..............P....P#
..........#.........
...........[..###.##
....#....)..# .#


There were no monsters in sight!

Vanquished Creatures
  4 gnolls (D:2)
  A worm (D:2)
  A giant gecko (D:2)
  A ball python (D:2)
  6 bats
  2 goblins (D:1)
  6 hobgoblins
  2 jackals (D:2)
  5 kobolds
  A quokka (D:2)
  2 giant cockroaches
  A giant cockroach zombie (D:2)
  A giant newt (D:2)
  A quokka zombie (D:2)
  4 rats
38 creatures vanquished.

Notes
Turn   | Place    | Note
--------------------------------------------------------------
     0 | D:1      | DecibelRebel the Hill Orc Berserker began the quest for the Orb.
     0 | D:1      | Reached XP level 1. HP: 19/19 MP: 1/1
   141 | D:1      | Reached XP level 2. HP: 27/27 MP: 2/2
   334 | D:1      | Reached skill level 5 in Axes
   648 | D:2      | Reached XP level 3. HP: 33/33 MP: 3/3
   735 | D:2      | Acquired Trog's second power
   999 | D:2      | Reached skill level 6 in Axes
   999 | D:2      | Reached XP level 4. HP: 6/40 MP: 4/4
  1018 | D:2      | HP: 2/40 [poisoned by a gnoll]
  1024 | D:2      | HP: 1/40 [poisoned by a gnoll]
  1027 | D:2      | Succumbed to a gnoll's poison

Vault maps used:
D:1:      lemuel_arrival_behind_the_door_small
D:2:      grunt_dithmenos_smoke_and_mirrors, serial_undead, serial_undead_a,
          serial_undead_f, serial_undead_c, serial_undead_b, first_bread

Action                   |  1- 3 |  4- 6 || total
-------------------------+-------+-------++-------
Melee: Hand axe          |   102 |     6 ||   108
Invok: Berserk           |     2 |       ||     2
       Trog's Hand       |     1 |       ||     1
  Use: Potion            |     2 |       ||     2
       Scroll            |       |     1 ||     1
 Stab: Sleeping          |     4 |       ||     4
  Eat: Chunk             |     1 |     1 ||     2
